 Dungeon Crawl Stone Soup version 0.18-a0-1036-g7ac1859 (webtiles) character file.

31 sugabear the Ducker (level 3, 0/18 HPs)
             Began as a Spriggan Transmuter on Jan 10, 2016.
             Succumbed to an adder's poison
             ... on level 2 of the Dungeon.
             The game lasted 00:01:34 (1015 turns).

sugabear the Ducker (Spriggan Transmuter)           Turns: 1015, Time: 00:01:35

Health: 0/18       AC:  2    Str:  6    XL:     3   Next: 7%
Magic:  6/8        EV: 18    Int: 15    God:
Gold:   39         SH:  0    Dex: 16    Spells: 1 memorised, 7 levels left

rFire  . . .     SeeInvis +       - Unarmed
rCold  . . .     Gourm    .     b - +0 robe
rNeg   . . .     Faith    .     (shield restricted)
rPois  .         Spirit   .     (helmet restricted)
rElec  .         Dismiss  .     (no cloak)
rCorr  .         Reflect  .     (gloves unavailable)
SustAt .         Harm     .     (boots unavailable)
MR     .....                    (no amulet)
Stlth  ++........               (no ring)
                                (no ring)

@: lethally poisoned (0 -> -13), appendage, very quick, not resistant to hostile
enchantments, unstealthy
A: unfitting armour, talons 3, see invisible, herbivore 3, speed 3, slow
metabolism 2
a: End Transformation


You were on level 2 of the Dungeon.
You were not hungry.
You had grown temporary talons.
You visited 1 branch of the dungeon, and saw 2 of its levels.

You collected 39 gold pieces.

Inventory:

Missiles
 a - 12 arrows
 h - 13 arrows of frost
Armour
 b - a +0 robe (worn)
Scrolls
 e - 2 scrolls of fog {unknown}
 i - a scroll of fear {unknown}
 j - a scroll of recharging {unknown}
Potions
 g - a potion of cancellation {unknown}
 k - a potion of brilliance {unknown}
Books
 c - a book of Changes

   Spells                             Type                      Level
   a - Beastly Appendage              Transmutation                1
   b - Sticks to Snakes               Transmutation                2
   c - Spider Form                    Transmutation/Poison         3
   d - Ice Form                       Ice/Transmutation            4
   e - Blade Hands                    Transmutation                5
Comestibles
 d - a bread ration
 f - a slice of pizza


   Skills:
 + Level 1.0 Fighting
 + Level 3.5 Dodging
 + Level 1.2 Stealth
 + Level 2.8 Unarmed Combat
 * Level 3.0 Spellcasting
 * Level 3.0 Transmutations


You had 7 spell levels left.
You knew the following spells:

 Your Spells              Type           Power        Failure   Level  Hunger
a - Beastly Appendage     Trmt           ##....       8%          1    #......


Dungeon Overview and Level Annotations

Branches:
Dungeon (2/15)

Altars:


Innate Abilities, Weirdness & Mutations

You are tiny and cannot use many weapons and most armour.
You have supernaturally acute eyesight.
You are a herbivore.
You cover ground extremely quickly.
You need consume almost no food.
You have claws for feet.


Message History

The adder bites you.
* * * LOW HITPOINT WARNING * * *
You are lethally poisoned!
The adder poisons you! The adder bites you.
* * * LOW HITPOINT WARNING * * *
You are more poisoned.
The adder poisons you!
You barely miss the adder.
The adder is severely wounded.
* * * LOW HITPOINT WARNING * * *
You feel sick. The adder barely misses you.
You hit the adder.
You kill the adder!
Your Fighting skill increases to level 1!
Your Transmutations skill increases to level 3!
You have reached level 3!
Your experience leads to an increase in your attributes!
Increase (S)trength, (I)ntelligence, or (D)exterity?
You feel clever.
You die...

##.. #. #####..# .
########...#.# .
#............# )# #
#....<.......##.#.#
#............#....##
#..............#....
#..........[@.......
#......).....#.>....
#............# .....
#............# ....
#..%........## ###
########...## #####


There were no monsters in sight!

Vanquished Creatures
  An adder (D:2)
  An ooze (D:1)
  A ball python (D:1)
  A goblin (D:1)
  4 hobgoblins
  2 jackals (D:1)
  3 bats (D:1)
  5 rats (D:1)
18 creatures vanquished.

Notes
Turn   | Place    | Note
--------------------------------------------------------------
     0 | D:1      | sugabear the Spriggan Transmuter began the quest for the Orb.
     0 | D:1      | Reached XP level 1. HP: 9/9 MP: 5/5
   154 | D:1      | Reached XP level 2. HP: 12/14 MP: 6/6
   870 | D:1      | Reached skill level 1 in Stealth
  1015 | D:2      | Reached skill level 1 in Fighting
  1015 | D:2      | Reached XP level 3. HP: 1/18 MP: 6/8
  1015 | D:2      | Succumbed to an adder's poison

Vault maps used:
D:1:      dpeg_arrival_chambers_temple_mockup
D:2:      lemuel_crystal_altar, nicolae_overflow_hidden_temple, serial_glass,
          glass_columns_c, glass_columns_a, uniq_natasha

Action                   || total
-------------------------++-------
Melee: Unarmed           ||    81
 Cast: Beastly Appendage ||     3
 Stab: Sleeping          ||     1
